 Dungeon Sprint DCSS version 0.03.2.1-42-g860841ac0a (webtiles) character file.

Game seed: 9441062695191028086, levelgen mode: deterministic

1057 esc the Sharpshooter (level 8, -1/61 HPs) Centaur Hunter. Began on Jan 25, 2021. Was an Initiate of Gozag Ym Sagoz. Succumbed to Sonja's curare-tipped needle ... in the Dungeon (Sprint I: "Red Sonja"). The game lasted 00:03:14 (368 turns).

esc the Sharpshooter (Centaur Hunter)                Turns: 368, Time: 00:03:15

Health: -1/61      AC:  4    Str: 14    XL:     8 ^: 1288
Magic:  8/8        EV:  9    Int: 10    God:    Gozag Ym Sagoz
Gold:   303        SH:  0    Dex: 13    Spells: 7/7 levels left

rFire    + . .     Vision   .   a - +1 hand crossbow
rCold    + . .     Gourm    .   (no weapon)
rNeg     . . .     Faith    .   c - +0 leather armour
rPois    +         Spirit   .   (no helmet)
rElec    +         Reflect  .   (no cloak)
rCorr    +         Harm     .   (no gloves)
MR       .....     NoTele   +   (no barding)
Stlth    +.........             (no amulet)
HPRegen  0.30/turn              (no ring)
MPRegen  0.18/turn              (no ring)

@: lethally poisoned (-1 -> -10), resistant, gold aura, berserk cooldown, slowed
A: large, hooves 3, deformed body, speed 2, tough skin 3
a: Potion Petition, Call Merchant, Bribe Branch, Renounce Religion


You were in the Dungeon.
You worshipped Gozag Ym Sagoz.
Gozag Ym Sagoz was aware of your devotion.
You were not hungry.

You visited 1 branch You collected 320 gold pieces.
You spent 17 gold pieces at shops.

Inventory:

Weapons
 a - a +1 hand crossbow (weapon)
 b - a +0 short sword
Armour
 c - a +0 leather armour (worn)
Wands
 k - a wand of ensnaring (2)
Scrolls
 e - a scroll of amnesia
 j - a scroll of blinking
Potions
 g - a potion of haste
 h - 2 potions of magic
Comestibles
 d - a ration
 l - 12 chunks of flesh


   Skills:
 - Level 2.0 Fighting
 + Level 18.1 Crossbows
 - Level 1.3 Dodging
 - Level 0.4 Stealth


You had 7 spell levels left.
You didn't know any spells.
Your spell library was empty.

Dungeon Overview and Level Annotations

Branches:
Dungeon (1/1)

Altars:
Cheibriados
Dithmenos
Elyvilon
Fedhas Madash
Gozag Ym Sagoz
Hepliaklqana
Kikubaaqudgha
Nemelex Xobeh
Okawaru
Qazlal
Ru
Sif Muna
Trog
Uskayaw
Vehumet
Wu Jian
Yredelemnul
Zin
The Shining One

Shops:
D *


Innate Abilities, Weirdness & Mutations

You have hooves in place of feet.
Armour fits poorly on your strangely shaped body.
You cover ground very quickly.
You have extremely tough skin. (AC +3)


Message History

* * * LOW HITPOINT WARNING * * *
You feel sick. (2)
There is an entrance to Gosimin's Assorted Antiques here.
f - a potion of resistance Thank you for shopping at Gosimin's Assorted Antiques!
You can access your shopping list by pressing '$'.
You feel protected.
* * * LOW HITPOINT WARNING * * *
You feel very sick. (3)
You can access your shopping list by pressing '$'.
Okay, then.
Okay, then.
Drop what? 10/52 slots (_ for help) (? for menu, Esc to quit)
Okay, then.
* * * LOW HITPOINT WARNING * * *
You feel very sick. (3)
* * * LOW HITPOINT WARNING * * *
You feel sick. (2)
You die...
Your body crumbles into a pile of gold.

################
#<.#..'..#..'..#
$$
#..').#..'[.#..+
$$
#÷.#####'#####'#
#..####..#...#.#
#.÷#__####..##.#
$
#..#_____##'#_.+
#⌠⌠#_.@...'..._#
$
####_..__##_$#'#
$$#_____###'#.#
$ ####### #.###
$.$ $$ $$ $ $.$#
##.## $#+#$ $ $
$


There were no monsters in sight!

Vanquished Creatures
  Sonja (D)
  Sigmund (D)
  A yak (D)
  Ijyb (D)
  An ogre (D)
  A jelly (D)
6 creatures vanquished.

Vanquished Creatures (others)
  A gargoyle (D)
1 creature vanquished.

Grand Total: 7 creatures vanquished

Notes
Turn   | Place    | Note
-------+----------+-------------------------------------------
     0 | D        | esc the Centaur Hunter began the quest for the Orb.
     0 | D        | Reached XP level 1. HP: 17/17 MP: 1/1
   101 | D        | Noticed Ijyb
   122 | D        | Killed Ijyb
   122 | D        | Reached skill level 10 in Crossbows
   122 | D        | Reached XP level 2. HP: 17/24 MP: 2/2
   122 | D        | Reached XP level 3. HP: 20/29 MP: 3/3
   122 | D        | Reached XP level 4. HP: 25/36 MP: 4/4
   175 | D        | Noticed an ogre
   181 | D        | Killed an ogre
   181 | D        | Reached skill level 12 in Crossbows
   181 | D        | Reached XP level 5. HP: 41/41 MP: 5/5
   198 | D        | Noticed Sigmund
   204 | D        | Killed Sigmund
   204 | D        | Reached skill level 14 in Crossbows
   204 | D        | Reached XP level 6. HP: 42/48 MP: 6/6
   237 | D        | Found an ornate altar of the Wu Jian Council.
   237 | D        | Found a shimmering blue altar of Sif Muna.
   240 | D        | Found a radiant altar of Vehumet.
   266 | D        | Found Gosimin's Assorted Antiques.
   266 | D        | Found an ancient bone altar of Kikubaaqudgha.
   266 | D        | Found a hazy altar of Hepliaklqana.
   266 | D        | Found a hide-covered altar of Uskayaw.
   266 | D        | Found a basalt altar of Yredelemnul.
   266 | D        | Found an opulent altar of Gozag.
   266 | D        | Found a snail-covered altar of Cheibriados.
   266 | D        | Found a sacrificial altar of Ru.
   266 | D        | Found a shadowy altar of Dithmenos.
   266 | D        | Noticed a yak
   267 | D        | Found a stormy altar of Qazlal.
   267 | D        | Found a blossoming altar of Fedhas.
   267 | D        | Found a bloodstained altar of Trog.
   267 | D        | Found an iron altar of Okawaru.
   267 | D        | Found a glowing silver altar of Zin.
   295 | D        | Killed a yak
   295 | D        | Reached skill level 15 in Crossbows
   318 | D        | Found a glowing golden altar of the Shining One.
   318 | D        | Found a white marble altar of Elyvilon.
   320 | D        | Found a sparkling altar of Nemelex Xobeh.
   324 | D        | Became a worshipper of Gozag Ym Sagoz the Greedy
   333 | D        | Noticed Sonja
   355 | D        | Killed Sonja
   355 | D        | Reached skill level 18 in Crossbows
   355 | D        | Reached XP level 7. HP: 25/55 MP: 7/7
   355 | D        | Reached XP level 8. HP: 28/61 MP: 8/8
   356 | D        | Killed a gargoyle
   365 | D        | Bought a silvery potion for 17 gold pieces
   366 | D        | HP: 3/61 [poisoned by Sonja (curare-tipped needle)]
   367 | D        | HP: 1/61 [poisoned by Sonja (curare-tipped needle)]
   368 | D        | Succumbed to Sonja's curare-tipped needle

Levels and vault maps discovered:
D:        dungeon_sprint_1 [red_sonja_temple_1, red_sonja_temple_small_1]

Skill      XL: |  1  2  3  4  5  6 |
---------------+-------------------+-----
Crossbows      | 10 12 14 18 | 18.1
Fighting       | |  2.0
Dodging        | |  1.3
Stealth        | |  0.4

Action                   |  1- 3 |  4- 6 |  7- 9 || total
-------------------------+-------+-------+-------++-------
Melee: Unarmed           |     1 |       |       ||     1
 Fire: Hand crossbow     |     6 |    21 |       ||    27
  Use: Potion            |       |     2 |     2 ||     4
Armor: Leather armour    |     1 |     1 |       ||     2
Dodge: Dodged            |     7 |     2 |       ||     9
